[Event "Late-Titled-Tuesday-Blitz-March-19-2024"]
[Site "Chess.com"]
[Date "2024.03.19"]
[Round "6"]
[White "ProfessorChess101"]
[Black "djano"]
[Result "0-1"]
[WhiteElo "2782"]
[BlackElo "2638"]
[TimeControl "180+1"]
[EndTime "15:05:26 PDT"]
[Termination "djano won by resignation"]

1. d4 Nf6 2. c4 g6 3. Nc3 Bg7 4. e4 d6 5. Nf3 O-O 6. Be2 c5 7. O-O Re8 8. Be3 cxd4 9. Nxd4 Nc6 10. h3 Bd7 11. Qd2 Nxd4 12. Bxd4 Bc6 13. Bf3 Nd7 14. Rad1 Bxd4 15. Qxd4 Qb6 16. b3 Qxd4 17. Rxd4 a5 18. Bg4 Nc5 19. f4 Kg7 20. Bf3 f6 21. g3 Rec8 22. Kf2 Ra6 23. Ke3 Rb6 24. Rb1 Kf7 25. Rd2 Rb4 26. Rdb2 Ra8 27. Ne2 e5 28. Nc3 Rb6 29. Rd1 Ke7 30. h4 a4 31. b4 a3 32.
Rbb1 Na4 33. Ne2 Nb2 34. Rdc1 Rxb4 35. c5 Rd8 36. cxd6+ Rxd6 37. Ra1 Rd3+ 38. Kf2 Rd2 39. Ke3 Rd3+ 40. Kf2 f5 41. Rc3 fxe4 42. Bh1 Nd1+ 43.
Ke1 Nxc3 44. Nxc3 Rxc3 0-1

[Event "Late-Titled-Tuesday-Blitz-March-19-2024"]
[Site "Chess.com"]
[Date "2024.03.19"]
[Round "6"]
[White "Heliosis11"]
[Black "chess94cu"]
[Result "0-1"]
[WhiteElo "2267"]
[BlackElo "2649"]
[TimeControl "180+1"]
[EndTime "15:05:26 PDT"]
[Termination "chess94cu won by resignation"]

1. e4 d6 2. d4 Nf6 3. Nc3 c6 4. Nf3 Nbd7 5. h3 Qa5 6. Bd3 e5 7. Be3 Be7 8. O-O O-O 9. Qd2 Qc7 10. dxe5 dxe5 11. Rad1 b5 12. a3 a5 13. Ne2 Nc5 14.
Ng3 Rd8 15. Qe2 h6 16. Ne1 Ne6 17. Nf5 Bf8 18. g3 Nc5 19. Bxc5 Bxc5 20. Ng2 Bf8 21.
f4 exf4 22. gxf4 Bxf5 23. exf5 Re8 24. Qf3 Rad8 25. Kh1 Qb6 26. Rfe1 c5 27. b3 c4 28.
bxc4 bxc4 29. Bxc4 Qc5 30. Bd3 Qxa3 31. Ne3 Qc5 32. Ng4 Nxg4 33. hxg4 Be7 34. Rg1 Bf8 35. g5 hxg5 36. fxg5 Re3 37. Qg2 Rd4 38. Qh2 Bd6 39. Qh5 Qd5+ 40. Rg2 Qf3 41. Qxf3 Rxf3 42. f6 Rh4+ 43. Kg1 Bc5+ 0-1

[Event "Late-Titled-Tuesday-Blitz-March-19-2024"]
[Site "Chess.com"]
[Date "2024.03.19"]
[Round "6"]
[White "EcosseKillie"]
[Black "VanRommel28"]
[Result "0-1"]
[WhiteElo "2320"]
[BlackElo "2502"]
[TimeControl "180+1"]
[EndTime "15:05:27 PDT"]
[Termination "VanRommel28 won on time"]

1. d4 d6 2. e4 Nf6 3. Nc3 g6 4. Nf3 Bg7 5. Be3 c6 6. Qd2 O-O 7. Bd3 Ng4 8. Bg5 h6 9. Bh4 Qc7 10. h3 Nf6 11. Bg3 Nh5 12. Bh2 e5 13. dxe5 dxe5 14.
a4 Nd7 15. O-O Nc5 16. Ne2 Rd8 17. Qe3 Ne6 18. Bc4 Nhf4 19. Nxf4 Nxf4 20. Rad1 Be6 21. Bxe6 Nxe6 22. c3 b6 23. Qe2 Nc5 24. Qc2 a5 25. Nd4 Rac8 26. b4 axb4 27. cxb4 Na6 28. Qb3 Qe7 29.
Nc2 b5 30. a5 c5 31. bxc5 Nxc5 32. Qxb5 Nxe4 33. Ne3 Rxd1 34. Rxd1 Nc3 35. Qa6 Qc7 36. Rd2 Ne4 37. Rd1 Nc3 38. Rd2 Kh7 39. Bg3 Ne4 40.
Rd1 Nxg3 41. fxg3 e4 42. Kh2 Be5 43. Nf1 e3 44. Qe2 Qxa5 45. Qxe3 Qc7 46. Rd3 h5 47.
Qf3 h4 0-1

[Event "Late-Titled-Tuesday-Blitz-March-19-2024"]
[Site "Chess.com"]
[Date "2024.03.19"]
[Round "6"]
[White "GlavkonVVS"]
[Black "KaydenTroffChess"]
[Result "0-1"]
[WhiteElo "2680"]
[BlackElo "2853"]
[TimeControl "180+1"]
[EndTime "15:05:30 PDT"]
[Termination "KaydenTroffChess won by resignation"]

1. c4 Nf6 2. Nc3 g6 3. d4 d5 4. cxd5 Nxd5 5. Qb3 Nxc3 6. bxc3 Bg7 7. Ba3 O-O 8. Rd1 Re8 9. Nf3 Nd7 10. e4 Nb6 11.
Be2 Be6 12. d5 Bd7 13. Bb5 Bxb5 14. Qxb5 Bxc3+ 15. Kf1 Qd7 16. Qd3 Qa4 17. Bc5 Bg7 18.
h4 Qxa2 19. Kg1 Qc4 20. Qe3 e6 21. d6 cxd6 22. Rxd6 Rec8 23. Bxb6 axb6 24. Rxb6 Qc1+ 25. Qxc1 Rxc1+ 26. Kh2 Rxh1+ 27. Kxh1 Rb8 28. e5 Bf8 29. Kg1 Bc5 30. Rb5 b6 31. Nd2 Rd8 32. Ne4 Bd4 33. g3 Kg7 34. Kg2 Rd5 35. Rxd5 exd5 36. Nf6 Bxe5 37.
Nxd5 b5 38. Kf3 Bd4 39. Ke2 f5 40. f3 Kf7 41. Kd3 Bf2 42. g4 fxg4 43. fxg4 Bxh4 44. Nc7 b4 45. Kc4 Be1 46. Nd5 Ke6 47. Nf4+ Kf6 48.
Nd3 Bc3 49. Kd5 Kg5 50. Nf2 Kf4 51. Kc4 Kf3 52. Nd3 Kxg4 53. Nc5 h5 54. Kd3 h4 55. Ke2 h3 56. Kf1 Kf3 57. Ne6 h2 58. Ng5+ Kg4 0-1

[Event "Late-Titled-Tuesday-Blitz-March-19-2024"]
[Site "Chess.com"]
[Date "2024.03.19"]
[Round "6"]
[White "ukchessbomber"]
[Black "Onischuk_V"]
[Result "0-1"]
[WhiteElo "2648"]
[BlackElo "2808"]
[TimeControl "180+1"]
[EndTime "15:05:31 PDT"]
[Termination "Onischuk_V won by resignation"]

1. c4 d6 2. b3 Nf6 3. Bb2 e5 4. d3 g6 5. Nd2 Bg7 6. e3 O-O 7. Ngf3 Re8 8. Be2 Nc6 9. O-O a5 10. a3 h6 11. Bc3 d5 12. cxd5 Nxd5 13. Bb2 e4 14. dxe4 Bxb2 15. exd5 Bxa1 16. Qxa1 Qxd5 17. Rd1 Qc5 18. Qf6 Bf5 19. h4 Qe7 20. Qc3 Rad8 21.
h5 g5 22. Bb5 Rd6 23. Rc1 Red8 24. Qc5 Bg4 25. Nd4 Nxd4 26. exd4 b6 27. Qxc7 Qxc7 28.
Rxc7 Rxd4 29. Nc4 Bxh5 30. Nxb6 Rb8 31. Rc6 Kg7 32. Bc4 Bg6 33. Na4 Re8 34. Nc5 Re1+ 35. Kh2 Rh4+ 36. Kg3 h5 37. f3 Rd4 38. Rc7 h4+ 39. Kf2 Rdd1 40. Ne4 Bxe4 41. Rxf7+ Kg6 42. fxe4 Rxe4 43. Ra7 Rd2+ 44. Kf3 Rf4+ 45. Ke3 Rxg2 46. Ra6+ Kh5 47. Be2+ Rxe2+ 48. Kxe2 h3 0-1

[Event "Late-Titled-Tuesday-Blitz-March-19-2024"]
[Site "Chess.com"]
[Date "2024.03.19"]
[Round "6"]
[White "Byniolus"]
[Black "GMAneta"]
[Result "1-0"]
[WhiteElo "2785"]
[BlackElo "2612"]
[TimeControl "180+1"]
[EndTime "15:05:32 PDT"]
[Termination "Byniolus won by resignation"]

1. d4 c5 2. c3 Nf6 3. Nf3 cxd4 4. cxd4 d5 5. Nc3 Nc6 6. Bf4 a6 7. e3 Bf5 8. Bd3 Bxd3 9. Qxd3 e6 10. O-O Bd6 11. Bxd6 Qxd6 12. Rfc1 O-O 13. Na4 Nd7 14. Nc5 Nxc5 15. Rxc5 Rfc8 16. Rac1 Ne7 17. b4 h6 18. h3 b6 19. Rxc8+ Nxc8 20. Ne5 Qxb4 21.
Rc7 Nd6 22. Qc2 Rf8 23. Kh2 b5 24. Qc5 a5 25. Nc6 Qxc5 26. dxc5 Nc4 27. Ne7+ Kh7 28. c6 b4 29. Rd7 Re8 30. Ra7 a4 31. c7 Nb6 32.
Nc6 b3 33. axb3 axb3 34. Rb7 Nc4 35. Rb8 Rc8 36. Rxc8 1-0

[Event "Late-Titled-Tuesday-Blitz-March-19-2024"]
[Site "Chess.com"]
[Date "2024.03.19"]
[Round "6"]
[White "Morscas"]
[Black "RichardLeyvaP"]
[Result "0-1"]
[WhiteElo "2345"]
[BlackElo "2551"]
[TimeControl "180+1"]
[EndTime "15:05:32 PDT"]
[Termination "RichardLeyvaP won by checkmate"]

1. e4 e5 2. Nf3 Nc6 3. Bc4 Nf6 4. d4 exd4 5. O-O Nxe4 6. Re1 d5 7. Bxd5 Qxd5 8.
Nc3 Qa5 9. Nxe4 Be6 10. Neg5 O-O-O 11. Nxe6 fxe6 12. Rxe6 Bd6 13. Bg5 Rdf8 14. Qe2 Qd5 15. Re1 a6 16. Bh4 Kb8 17. Bg3 Bxg3 18. hxg3 Qxa2 19.
Rxc6 bxc6 20. Nxd4 Re8 21. Nxc6+ Kb7 22. Ne7 Rxe7 23.
Qxe7 Qxb2 24. Qe4+ Ka7 25. Qc4 Rc8 26. Re7 Qc1+ 27. Kh2 Qh6+ 28. Kg1 Qc1+ 29. Kh2 Qh6+ 30. Kg1 Kb7 31. Qd5+ Qc6 32. Qxc6+ Kxc6 33. Rxg7 a5 34. Rxh7 a4 35. f3 a3 36. Kf2 Kc5 37. Rh1 a2 38.
Ra1 Ra8 39. g4 Kc4 40. g5 Kc3 41. f4 Kxc2 42. f5 Kb2 43. Rxa2+ Kxa2 44. f6 Rf8 45. Kf3 c5 46. Ke4 c4 47. Ke5 c3 48. g6 c2 49. g7 Re8+ 50. Kf5 c1=Q 51. f7 Qf1+ 52. Kg6 Qxg2+ 53. Kh7 Qh3+ 54. Kg6 Qg4+ 55. Kh7 Qh5# 0-1

[Event "Late-Titled-Tuesday-Blitz-March-19-2024"]
[Site "Chess.com"]
[Date "2024.03.19"]
[Round "6"]
[White "Bkmzzzzz"]
[Black "stolencandy13"]
[Result "0-1"]
[WhiteElo "2397"]
[BlackElo "2558"]
[TimeControl "180+1"]
[EndTime "15:05:34 PDT"]
[Termination "stolencandy13 won by resignation"]

1. e4 c6 2. d4 d5 3. Nc3 dxe4 4. Nxe4 Bf5 5. Nc5 b6 6. Nb3 Nf6 7. Bd3 Bg6 8. Nf3 e6 9. Bg5 Be7 10. h4 Nbd7 11. c3 Qc7 12. Qd2 Bxd3 13. Qxd3 h6 14. Bd2 c5 15. dxc5 Nxc5 16. Nxc5 Bxc5 17. O-O O-O 18.
Rad1 Rfd8 19. Qe2 Rd7 20. Be3 Rad8 21. Rxd7 Rxd7 22. Bxc5 Qxc5 23. Rd1 Rxd1+ 24. Qxd1 Ng4 25. Nd4 Ne5 26. Qe2 Nc4 27. b3 Nd6 28. Qd3 Qd5 29. c4 Qa5 30. Nc6 Qe1+ 31. Kh2 Nf5 32. Qf3 Nxh4 33.
Qf4 Nf5 34. g3 Qe2 35. Nxa7 Qxa2 36. Nb5 Qxb3 37. Kg2 Qc2 38. g4 Nh4+ 39. Kg3 Qd3+ 40. Kxh4 g5+ 41. Qxg5+ hxg5+ 42. Kxg5 Qxc4 0-1

[Event "Late-Titled-Tuesday-Blitz-March-19-2024"]
[Site "Chess.com"]
[Date "2024.03.19"]
[Round "6"]
[White "Mikhail_Golubev"]
[Black "Seochesspie"]
[Result "1-0"]
[WhiteElo "2735"]
[BlackElo "2861"]
[TimeControl "180+1"]
[EndTime "15:05:35 PDT"]
[Termination "Mikhail_Golubev won on time"]

1. e4 c6 2. Nf3 d5 3. d3 g6 4. Nbd2 Bg7 5. g3 e5 6. Bg2 Ne7 7. O-O O-O 8. Re1 d4 9. Nc4 Qc7 10. c3 b5 11. Ncd2 dxc3 12. bxc3 c5 13. a4 b4 14. cxb4 cxb4 15. Nc4 Be6 16. Bb2 Bxc4 17. Rc1 Nbc6 18. Rxc4 Qd6 19. d4 exd4 20. e5 Qe6 21.
Qc1 h6 22. Nxd4 Nxd4 23. Bxa8 Nb3 24. Qc2 Na5 25. Rc5 Rxa8 26. Rxa5 Rc8 27. Rc5 Rd8 28. Rd1 Rxd1+ 29. Qxd1 Qa2 30. Qa1 Qb3 31. a5 Nd5 32. a6 Qf3 33. Qc1 h5 34. Qc4 Ne7 35. Rc7 Nf5 36. Rxf7 Kh8 37. e6 1-0

[Event "Late-Titled-Tuesday-Blitz-March-19-2024"]
[Site "Chess.com"]
[Date "2024.03.19"]
[Round "6"]
[White "jcibarra"]
[Black "marcodobrikov"]
[Result "1-0"]
[WhiteElo "2936"]
[BlackElo "2712"]
[TimeControl "180+1"]
[EndTime "15:05:36 PDT"]
[Termination "jcibarra won by resignation"]

1. e4 c5 2. Nf3 d6 3. c3 Nf6 4. h3 e6 5. Bd3 Be7 6. Bc2 O-O 7. O-O Nc6 8. Re1 e5 9. d4 Qc7 10. d5 Nb8 11. a4 b6 12. Na3 a6 13. Nc4 Bb7 14. Ne3 Bc8 15. Nh2 Bd7 16. Qf3 Qb7 17.
b4 b5 18. bxc5 dxc5 19. Nhg4 Nxg4 20. hxg4 g6 21. g3 Rd8 22. Kg2 Be8 23. Rh1 Nd7 24.
Bd2 Nf8 25. Rh3 Qb6 26. Rah1 Qf6 27. Qd1 c4 28. g5 Qg7 29. Ng4 Bd7 30. Nh6+ Kh8 31. Rh4 Rab8 32. Qf3 Be8 33. Ng4 Rb6 34. a5 Rbd6 35. Be3 h5 36. Nxe5 Kg8 37. Bf4 Bxg5 38.
Bxg5 Qxe5 39. Bf4 Qg7 40. Bxd6 Rxd6 41. g4 hxg4 42. Rh8+ Qxh8 43. Rxh8+ Kxh8 44. Qf4 Rd7 45. Qe5+ Kg8 46. Qxe8 Rd6 1-0

[Event "Late-Titled-Tuesday-Blitz-March-19-2024"]
[Site "Chess.com"]
[Date "2024.03.19"]
[Round "6"]
[White "Zohid6"]
[Black "albi1999"]
[Result "1-0"]
[WhiteElo "2883"]
[BlackElo "2602"]
[TimeControl "180+1"]
[EndTime "15:05:37 PDT"]
[Termination "Zohid6 won on time"]

1. e4 c5 2. Nf3 a6 3. c3 d5 4. e5 Nc6 5. d4 Bg4 6. Be3 e6 7. Nbd2 Nge7 8. h3 Bxf3 9. Nxf3 Nf5 10. Bd3 cxd4 11. cxd4 Bb4+ 12. Ke2 O-O 13. Bxf5 exf5 14. Qd3 Qd7 15. Rhc1 Be7 16. Kf1 Rfc8 17. Bd2 g6 18. h4 h5 19. Re1 Nd8 20. Rac1 Ne6 21. g3 Rxc1 22. Rxc1 Rc8 23. Rxc8+ Qxc8 24. Qb3 Qc6 25.
Kg2 b5 26. Bb4 Bd8 27. Qa3 f4 28. Qc3 Qc4 29. b3 Qe2 30. Qd2 Qe4 31. Qe1 fxg3 32. fxg3 Qg4 33. Qe3 g5 34. hxg5 Bxg5 35. Nxg5 Nxg5 36.
Be7 Qh3+ 37. Kg1 Ne4 38. Bh4 Qg4 39. Kg2 Qd1 40. b4 Qc2+ 41. Kf3 Qh2 42. Kf4 Qh3 43. Qf3 Kh7 44. Qxh5+ Kg7 45. Bf6+ 1-0

[Event "Late-Titled-Tuesday-Blitz-March-19-2024"]
[Site "Chess.com"]
[Date "2024.03.19"]
[Round "6"]
[White "RantomOpening"]
[Black "prochn"]
[Result "1/2-1/2"]
[WhiteElo "2589"]
[BlackElo "2481"]
[TimeControl "180+1"]
[EndTime "15:05:38 PDT"]
[Termination "Game drawn by repetition"]

1. Nf3 d5 2. g3 Nf6 3. Bg2 c6 4.
O-O Bf5 5. d3 h6 6. Re1 e6 7.
Nbd2 Be7 8. b3 Nbd7 9. Bb2 Bg6 10. e4 O-O 11. e5 Ne8 12. Nf1 c5 13. h4 d4 14. a4 Qc7 15. N1d2 f6 16. Nc4 f5 17.
Nfd2 Rb8 18. a5 f4 19. Be4 fxg3 20. fxg3 Nxe5 21. Nxe5 Qxe5 22. Qg4 Bf5 23. Bxf5 Qxf5 24. Qxf5 Rxf5 25. Rxe6 Bf8 26. Ree1 Nc7 27. Kg2 Nd5 28. Nc4 b5 29. axb6 axb6 30. Rf1 Rxf1 31. Kxf1 b5 32. Nd2 Ne3+ 33. Kg1 Nxc2 34. Rc1 Ne3 35. Ba3 Rc8 36. Ne4 c4 37. Bxf8 Kxf8 38. bxc4 bxc4 39. Nd6 Rc6 40. Nxc4 Nxc4 41. dxc4 d3 42. c5 d2 43. Rd1 Rxc5 44.
Rxd2 h5 45. Kg2 g6 46. Rb2 Kg7 47. Kf3 Kh6 48. Rb3 Rc4 49. Ra3 Rb4 50. Rd3 Ra4 51. Rd5 Ra3+ 52. Kg2 Ra4 53. Rd3 Rb4 54. Kh3 Ra4 55.
Rb3 Rc4 56. Ra3 Rb4 57. Kg2 Rc4 58. Kf3 Rb4 59. Rd3 Rc4 60. Re3 Rb4 61. Re5 Ra4 62. Re6 Ra3+ 63. Kf4 Ra4+ 64. Ke3 Ra3+ 65. Kf4 Ra4+ 66.
Kf3 Ra3+ 67. Kf2 Ra2+ 68. Kf3 Ra3+ 1/2-1/2

[Event "Late-Titled-Tuesday-Blitz-March-19-2024"]
[Site "Chess.com"]
[Date "2024.03.19"]
[Round "6"]
[White "Eloist"]
[Black "MYMChessAcademy"]
[Result "1-0"]
[WhiteElo "2485"]
[BlackElo "2263"]
[TimeControl "180+1"]
[EndTime "15:05:38 PDT"]
[Termination "Eloist won by resignation"]

1. e4 c5 2. Nf3 d6 3. Bb5+ Bd7 4. Bxd7+ Qxd7 5. c4 Nc6 6. d4 cxd4 7. Nxd4 Nf6 8. Nc3 e6 9. O-O Be7 10. b3 O-O 11.
Bb2 Ne8 12. f4 Bf6 13. Nxc6 Qxc6 14. Qd3 Rd8 15. Rad1 Nc7 16. Kh1 d5 17. cxd5 exd5 18. e5 Be7 19. f5 f6 20. e6 Qd6 21. Nb5 Nxb5 22. Qxb5 Qc6 23. Qd3 Qd6 24. Rf2 a6 25. Rc2 Qb6 26. Bd4 Qa5 27. a4 Qb4 28. Rc7 Qd6 29. Rxb7 Rb8 30. Rd7 Qb4 31. h3 Rfd8 32.
Rxd8+ Rxd8 33. Qc3 Rb8 34. Qxb4 Rxb4 35. Rd3 Kf8 36. g4 Ke8 37. Kg2 Kd8 38. Bc3 Rb7 39. Rxd5+ Kc8 40. b4 Rc7 41. Bd4 g6 42. Bc5 Bxc5 43. Rxc5 Rxc5 44. bxc5 Kd8 45. Kf3 Kc7 46. Ke4 Kc6 47. Kd4 g5 48. Kc4 h6 49. Kd4 a5 50.
Kc4 Kc7 51. Kb5 Kb7 52. c6+ Kc7 53. Kc5 Kd8 54. Kd6 Ke8 55. c7 Kf8 56. c8=Q+ Kg7 57. e7 Kh7 58. e8=Q 1-0

[Event "Late-Titled-Tuesday-Blitz-March-19-2024"]
[Site "Chess.com"]
[Date "2024.03.19"]
[Round "6"]
[White "mbojan"]
[Black "GMBenjaminBok"]
[Result "1-0"]
[WhiteElo "2819"]
[BlackElo "2960"]
[TimeControl "180+1"]
[EndTime "15:05:39 PDT"]
[Termination "mbojan won by resignation"]

1. e4 c5 2. Nf3 d6 3. d4 cxd4 4. Nxd4 Nf6 5. Nc3 a6 6. Be2 e5 7. Nb3 Be7 8. O-O O-O 9. Qd3 Be6 10. Bd2 Nbd7 11. Nd5 Bxd5 12. exd5 Ne8 13. c4 Bg5 14. Bc3 b6 15. Bg4 g6 16. Bxd7 Qxd7 17. Rae1 f5 18. g3 Bf6 19. f4 e4 20. Qe3 Qc7 21. Bxf6 Nxf6 22. Rc1 Rac8 23. Nd4 Qc5 24. h3 a5 25. b3 Rfe8 26. Rfe1 Kf7 27. Kf2 Ra8 28.
Nb5 Red8 29. a4 Qxe3+ 30. Kxe3 Ke7 31. g4 Nd7 32. Rg1 Rg8 33. Nd4 Kf6 34. Rg2 Nc5 35.
Rcg1 fxg4 36. hxg4 Rh8 37. g5+ Kf7 38. Rh2 Rae8 39.
Rgh1 Kg7 40. f5 gxf5 41. Nxf5+ Kg6 42. Nxd6 Rd8 43. Rh6+ Kg7 44. Nf5+ Kf7 45. Rf6+ Ke8 46. g6 Nxb3 47. Rxh7 Rxh7 48. gxh7 Kd7 49. Rd6+ Kc7 50.
Rxd8 1-0

[Event "Late-Titled-Tuesday-Blitz-March-19-2024"]
[Site "Chess.com"]
[Date "2024.03.19"]
[Round "6"]
[White "teresin05"]
[Black "OverallStranger"]
[Result "1/2-1/2"]
[WhiteElo "2189"]
[BlackElo "2382"]
[TimeControl "180+1"]
[EndTime "15:05:39 PDT"]
[Termination "Game drawn - insufficient material"]

1. e4 e5 2. Nf3 d5 3. exd5 e4 4. Nd4 Nf6 5. d3 Qxd5 6. dxe4 Nxe4 7. Bd3 Bc5 8. Bxe4 Qxe4+ 9. Qe2 Qxe2+ 10. Nxe2 O-O 11.
O-O Be7 12. Bf4 Bf6 13. c3 c6 14. Nd2 Nd7 15. Ne4 Bd8 16. Nd6 Bb6 17. Ng3 Nf6 18.
Nxc8 Raxc8 19. Rad1 Rcd8 20. Bd6 Rfe8 21. Nf5 g6 22. Nh6+ Kg7 23. Bf4 Rxd1 24. Rxd1 Ne4 25. Ng4 h5 26. Ne3 g5 27. Bg3 h4 28. Bd6 Bxe3 29. fxe3 Nxd6 30. Rxd6 Rxe3 31. Kf2 Re7 32. Rd8 Kg6 33. Kf3 f5 34. Rg8+ Rg7 35. Rd8 Kh5 36. Rh8+ Kg6 37. Rd8 Rh7 38. Rd6+ Kh5 39. Rf6 f4 40. h3 Re7 41. Rd6 Re3+ 42. Kf2 g4 43. hxg4+ Kxg4 44. Rd7 h3 45. Rg7+ Kf5 46. gxh3 Rxh3 47.
Rxb7 Ke4 48. Rxa7 Rh2+ 49. Ke1 Rxb2 50. Re7+ Kd3 51. a4 Ra2 52. Ra7 Kxc3 53. a5 f3 54. a6 f2+ 55. Kf1 c5 56. Rc7 c4 57.
a7 Kd3 58. Rd7+ Kc2 59. Rf7 Kc1 60. Rc7 Ra4 61. Rxc4+ Rxc4 62. a8=Q Rc2 63. Qe4 Rd2 64. Qe3 Kc2 65. Qc5+ Kd1 66. Qc3 Rc2 67. Qd3+ Kc1 68.
Qa3+ Kb1 69. Qb3+ Rb2 70. Qxb2+ Kxb2 71. Kxf2 1/2-1/2

[Event "Late-Titled-Tuesday-Blitz-March-19-2024"]
[Site "Chess.com"]
[Date "2024.03.19"]
[Round "6"]
[White "joksijoksi"]
[Black "dawid498"]
[Result "0-1"]
[WhiteElo "2572"]
[BlackElo "2703"]
[TimeControl "180+1"]
[EndTime "15:05:41 PDT"]
[Termination "dawid498 won by resignation"]

1. d4 Nf6 2. c4 g6 3. Nc3 Bg7 4. e4 O-O 5. Be2 d6 6. Be3 Na6 7. Nf3 e5 8. d5 Nc5 9. Nd2 a5 10.
g4 Ne8 11. h4 f5 12. gxf5 gxf5 13. exf5 Bxf5 14. Bxc5 dxc5 15. Nde4 Nd6 16. Bd3 Kh8 17. Qc2 Nxe4 18. Nxe4 Bxe4 19. Bxe4 Bh6 20.
Ke2 Qf6 21. Raf1 Rf7 22. Qd3 Qf4 23. Rh3 Raf8 24. Rf3 Qg4 25. Rh1 Rf4 26. Rh3 Rxe4+ 27. Kf1 Rxf3 28. Rxf3 Rf4 29. Rg3 Qf5 30. d6 Qxd3+ 31.
Rxd3 cxd6 32. Rxd6 Kg7 33. Rd7+ Rf7 34. Rd5 Be3 35. Rxe5 Bxf2 36. Kg2 Bd4 37. Rd5 Rf2+ 38. Kg3 Rxb2 39. Kg4 Rf2 40. h5 h6 41. Rd7+ Rf7 42. Rd6 Re7 43. Rg6+ Kh7 44. Rb6 Rg7+ 45. Kf5 Rg5+ 46.
Kf4 Rxh5 47. Rxb7+ Kg6 48. Rb6+ Kf7 49. Ra6 Bc3 50.
Kg4 Rg5+ 51. Kf4 Kg7 52. Rc6 Bb4 53. Rc7+ Kg6 54. Rc6+ Kh5 55. Ra6 Rg4+ 56. Kf3 Rxc4 57. a3 Bxa3 58. Rxa5 Bb4 59. Rb5 Kg5 60. Rb6 Rc3+ 61.
Kg2 h5 0-1

[Event "Late-Titled-Tuesday-Blitz-March-19-2024"]
[Site "Chess.com"]
[Date "2024.03.19"]
[Round "6"]
[White "Evandro_Barbosa"]
[Black "Crazy_girl99"]
[Result "1-0"]
[WhiteElo "2731"]
[BlackElo "2584"]
[TimeControl "180+1"]
[EndTime "15:05:43 PDT"]
[Termination "Evandro_Barbosa won on time"]

1. e4 e5 2. Nf3 Nc6 3. Bb5 a6 4. Ba4 Nf6 5. d3 b5 6. Bb3 Be7 7. Nc3 d6 8. Nd5 Be6 9. a3 h6 10. h3 Bxd5 11. exd5 Nb8 12. d4 Nbd7 13. O-O O-O 14.
Re1 exd4 15. Nxd4 Nb8 16. Nf5 Re8 17. Qf3 Bf8 18. Bd2 Nbd7 19. Rxe8 Qxe8 20. Re1 Qd8 21. Bc3 g6 22. Nd4 Ne5 23. Rxe5 dxe5 24. Nc6 Qd7 25. Qxf6 Bg7 26. Nxe5 Bxf6 27. Nxd7 Bxc3 28. bxc3 Kg7 29.
Kf1 Rd8 30. Nc5 a5 31. Ke2 a4 32. Ba2 Re8+ 33. Kd2 g5 34. c4 bxc4 35. Bxc4 Rb8 36.
Nxa4 Ra8 37. Bb3 Kf6 38. Kc3 Ke5 39. Kb4 Kd6 40. Nb2 Rb8+ 41. Kc3 Kc5 42. Nd3+ Kd6 43. a4 f5 44. Bc4 Re8 45. a5 h5 46. a6 g4 47. h4 c6 48. dxc6 Kxc6 49. g3 Kb6 50. Kd4 Re4+ 51. Kd5 Re2 52. c3 Rd2 53. Kd4 f4 54. gxf4 Re2 55. f5 1-0

[Event "Late-Titled-Tuesday-Blitz-March-19-2024"]
[Site "Chess.com"]
[Date "2024.03.19"]
[Round "6"]
[White "JosephRyan"]
[Black "jaskol95"]
[Result "0-1"]
[WhiteElo "2264"]
[BlackElo "2498"]
[TimeControl "180+1"]
[EndTime "15:05:43 PDT"]
[Termination "jaskol95 won on time"]

1. e4 d5 2. exd5 Nf6 3. d4 Bg4 4. Bb5+ c6 5. dxc6 bxc6 6. Be2 Bf5 7. Nf3 e6 8. O-O Bd6 9. c4 Nbd7 10. Nc3 O-O 11. Bg5 h6 12. Bh4 Qc7 13. Bg3 Bxg3 14. hxg3 Rab8 15. b3 Qa5 16. Rc1 Ne4 17. Nxe4 Bxe4 18.
Qd2 Qa3 19. g4 Rfd8 20. g5 hxg5 21. Nxg5 Bg6 22. Bf3 Ne5 23. Be4 Qd6 24. Bxg6 Nxg6 25. Rcd1 f6 26. Ne4 Qe7 27. Rfe1 Kf7 28. Qe3 Rh8 29.
g3 Rh3 30. Kg2 Rbh8 31. Rh1 Nh4+ 32. Kxh3 Nf5+ 33. Kg2 Nxe3+ 34. fxe3 Rxh1 35. Rxh1 Qa3 36.
c5 Qxa2+ 37. Kf3 Qxb3 38. Nd6+ Kg6 39. Rh4 Qd1+ 40. Kf2 a5 41. Rh8 Qc2+ 42. Kf3 a4 43.
Ra8 Qb3 44. Ra7 a3 45. Ne8 a2 46. Rxg7+ Kh6 47. Rg8 a1=Q 48. Rh8+ Kg6 0-1

[Event "Late-Titled-Tuesday-Blitz-March-19-2024"]
[Site "Chess.com"]
[Date "2024.03.19"]
[Round "6"]
[White "1g60-1"]
[Black "Irishchessman16"]
[Result "1/2-1/2"]
[WhiteElo "2386"]
[BlackElo "2525"]
[TimeControl "180+1"]
[EndTime "15:05:44 PDT"]
[Termination "Game drawn by repetition"]

1. e4 c5 2. Nf3 d6 3. d4 cxd4 4. Nxd4 Nf6 5. Nc3 e6 6. Be2 Be7 7. O-O O-O 8. f4 a6 9. Bf3 Nc6 10. Nxc6 bxc6 11. b3 e5 12. fxe5 dxe5 13. Be3 Nd7 14.
Na4 Bg5 15. Qc1 Bxe3+ 16. Qxe3 Qe7 17. Rad1 Rb8 18. Qc3 Nb6 19. Nc5 Na8 20. Be2 Nc7 21.
a4 Ne6 22. Nxe6 Qxe6 23. Bc4 Qe7 24. Rf2 Bg4 25. Rdf1 Bh5 26. Bxa6 Bg6 27. Bc4 Kh8 28. Qe3 f6 29. Rd2 Rfd8 30. Rfd1 Bh5 31. Rxd8+ Rxd8 32.
Rxd8+ Qxd8 33. Qd3 Qb6+ 34. Kf1 Bg6 35. Qd6 h5 36. h4 Qe3 37. Qf8+ Kh7 38. Qg8+ Kh6 39. Qh8+ Bh7 40. Bg8 Qc1+ 41. Kf2 Qxc2+ 42. Kg1 Qc1+ 43. Kf2 Qf4+ 44. Kg1 Qc1+ 45. Kh2 Qf4+ 46. g3 Qf2+ 47.
Kh3 Qf1+ 48. Kh2 Qe2+ 49. Kh3 Qf1+ 50. Kh2 Qf2+ 51. Kh3 Qf1+ 1/2-1/2

[Event "Late-Titled-Tuesday-Blitz-March-19-2024"]
[Site "Chess.com"]
[Date "2024.03.19"]
[Round "6"]
[White "MikaelyanArman"]
[Black "SpeedofLight0"]
[Result "0-1"]
[WhiteElo "2844"]
[BlackElo "3069"]
[TimeControl "180+1"]
[EndTime "15:05:45 PDT"]
[Termination "SpeedofLight0 won on time"]

1. d4 d6 2. e4 Nc6 3. Nc3 Nf6 4. Nf3 g6 5. Be2 Bg7 6. O-O O-O 7. h3 e5 8. dxe5 Nxe5 9. Nxe5 dxe5 10. Qxd8 Rxd8 11.
Be3 c6 12. a4 Be6 13. a5 Bf8 14. Rfd1 Rxd1+ 15. Rxd1 Bb4 16. a6 b5 17. f3 Nd7 18.
Kf2 Nc5 19. Ra1 Nd7 20. Nb1 f5 21. c3 Be7 22. exf5 gxf5 23. f4 exf4 24. Bxf4 Nf6 25. Nd2 Nd5 26. Be5 Bg5 27. Nf3 Be3+ 28. Kg3 f4+ 29.
Kh2 Re8 30. Nd4 Bd7 31. Nf3 Bf2 32. Rd1 Bf5 33. Bd3 Ne3 34. Rd2 Bg3+ 35. Kh1 Be6 36. Be4 Bd5 37. Bxd5+ Nxd5 38. Kg1 Nb6 39. b3 Nd5 40.
Kf1 Kf7 41. Bd4 Re7 42. Re2 Rc7 43. Ne5+ Kg8 44. Ng4 c5 45. Be5 Rd7 46. Re4 h5 47.
Nh6+ Kh7 48. Nf5 Rf7 49. Nxg3 fxg3+ 50. Kg1 Re7 51. Re1 h4 52. Bxg3 hxg3 53. Rf1 Nxc3 54. Kh1 Kg6 55. h4 Kh5 0-1

[Event "Late-Titled-Tuesday-Blitz-March-19-2024"]
[Site "Chess.com"]
[Date "2024.03.19"]
[Round "6"]
[White "maurovargas01"]
[Black "rhwr"]
[Result "1-0"]
[WhiteElo "1831"]
[BlackElo "2301"]
[TimeControl "180+1"]
[EndTime "15:05:45 PDT"]
[Termination "maurovargas01 won by checkmate"]

1. e4 c5 2. Nc3 Nc6 3. f4 g6 4. Nf3 Bg7 5. d3 e6 6. g3 Nge7 7. Bg2 O-O 8. O-O d5 9. e5 Rb8 10. Nb5 a6 11. Nd6 Nf5 12. Nxc8 Qxc8 13. c3 b5 14. g4 Nfe7 15. Qe1 d4 16. Ng5 h6 17. Ne4 Nd8 18. Qh4 Qc7 19. Nf6+ Kh8 20. Bd2 dxc3 21. bxc3 b4 22. cxb4 cxb4 23. Rac1 Qa7+ 24. Kh1 b3 25. axb3 Rxb3 26. f5 h5 27. gxh5 Nxf5 28. Qh3 g5 29. Bxg5 Nh6 30. Be4 Qd4 31. Qg3 Nb7 32. Rg1 Qd8 33. Bxh6 Bxh6 34. Qf3 Bxc1 35. Rxc1 Na5 36.
Qe3 Kg7 37. Qg5+ Kh8 38. Qh6# 1-0

[Event "Late-Titled-Tuesday-Blitz-March-19-2024"]
[Site "Chess.com"]
[Date "2024.03.19"]
[Round "6"]
[White "DucksParadise"]
[Black "SuanFernandes"]
[Result "1-0"]
[WhiteElo "2500"]
[BlackElo "2318"]
[TimeControl "180+1"]
[EndTime "15:05:46 PDT"]
[Termination "DucksParadise won by checkmate"]

1. e4 c6 2. c4 d5 3. cxd5 cxd5 4. exd5 Nf6 5. Bb5+ Nbd7 6. Nc3 a6 7. Be2 g6 8. d4 Bg7 9. Bf3 O-O 10. Nge2 Nb6 11.
Nf4 Bf5 12. O-O Qd7 13. Re1 Rfd8 14. Qb3 Qd6 15. a4 Rac8 16. a5 Nc4 17. Qxb7 Rc7 18. Qb3 Rdc8 19. Nfe2 Qd7 20. d6 exd6 21. Bf4 h6 22.
Rac1 g5 23. Bg3 Nd2 24. Qa3 Nxf3+ 25. gxf3 Rc6 26. d5 Rc5 27. b4 Rc4 28. b5 axb5 29.
Qxd6 Qxd6 30. Bxd6 b4 31. Nb5 Nxd5 32. Rxc4 Rxc4 33. a6 b3 34. a7 Ra4 35. Ned4 b2 36. Nxf5 Ra1 37. Kg2 Rxe1 38. a8=Q+ Kh7 39. Qxd5 b1=Q 40.
Nxg7 Rg1+ 41. Kh3 Kxg7 42. Be5+ Kh7 43. Qxf7# 1-0